 Dungeon Crawl Stone Soup version 0.18.1-48-g4cf74bf (webtiles) character file.

18498 FloraKitsune the Pandemonic (level 12, 79/90 (91) HPs)
             Began as a Vampire Monk on Aug 29, 2016.
             Was a High Priest of Makhleb.
             Quit the game on level 3 of the Lair of Beasts.
             The game lasted 00:41:43 (13408 turns).

FloraKitsune the Pandemonic (Vampire Monk)         Turns: 13408, Time: 00:41:44

HP:   79/90 (91)    AC:  0    Str: 10    XL:     12   Next: 28%
MP:   21/21         EV: 35    Int: 15    God:    Makhleb [*****.]
Gold: 506           SH:  0    Dex: 24    Spells: 0 memorised, 11 levels left

rFire  . . .     SeeInvis +       - Unarmed
rCold  . . .     Gourm    .     (armour currently unavailable)
rNeg   + . .     Faith    +     (shield currently unavailable)
rPois  .         Spirit   .     (helmet currently unavailable)
rElec  .         Dismiss  .     (cloak currently unavailable)
rCorr  .         Reflect  .     (gloves currently unavailable)
SustAt .         Harm     .     (boots currently unavailable)
MR     +....                    E - amulet of faith
Stlth  +++++++...               (ring currently unavailable)
                                (ring currently unavailable)

@: bat-form, flying, very quick, somewhat resistant to hostile enchantments,
extremely stealthy
A: fangs 3, see invisible, (unbreathing)
a: End Transformation, Minor Destruction, Lesser Servant of Makhleb, Major
Destruction, Greater Servant of Makhleb, Renounce Religion


You were on level 3 of the Lair of Beasts.
You worshipped Makhleb.
Makhleb was extremely pleased with you.
You were not thirsty.
You were in vampire-bat-form.
You visited 3 branches of the dungeon, and saw 16 of its levels.

You collected 667 gold pieces.
You spent 161 gold pieces at shops.

Inventory:

Hand Weapons
 e - a +2 short sword of electrocution (melded)
 G - a +1 dagger of draining
Armour
 a - a +0 helmet (melded)
 c - a +0 pair of boots (melded)
 o - a +2 robe of magic resistance (melded)
 s - a +0 cloak (melded)
Jewellery
 g - a +4 ring of dexterity (melded)
 j - an uncursed ring of flight {unknown}
 z - an uncursed ring of protection from cold
 B - a ring of positive energy (melded)
 E - an amulet of faith (around neck)
 R - an uncursed ring of ice
Wands
 n - a wand of flame (19/48)
 x - a wand of acid (11/15)
 y - a wand of teleportation (5/9)
 A - a wand of teleportation (5/9)
 D - a wand of random effects (27/48)
 I - a wand of confusion (29/48)
 J - a wand of acid (9/15)
 M - a wand of slowing (20/48)
Scrolls
 b - 4 scrolls of amnesia
 h - 9 scrolls of teleportation
 i - 4 scrolls of recharging
 p - 2 scrolls of remove curse
 t - 5 scrolls of fog
 w - 2 scrolls of enchant armour
 H - 2 scrolls of blinking
 O - 3 scrolls of identify
 P - a scroll of random uselessness
Potions
 d - 4 potions of might
 f - 3 potions of curing
 k - a potion of haste
 l - a potion of resistance {unknown}
 q - a potion of cancellation
 r - a potion of flight
 C - a potion of heal wounds
 F - a potion of brilliance {unknown}
 K - a potion of lignification {unknown}
 L - a potion of cure mutation {unknown}
 N - a potion of mutation {unknown}
 Q - 3 potions of agility
Books
 m - a book of Party Tricks

   Spells                             Type                      Level
   a - Summon Butterflies             Summoning                    1
   b - Apportation                    Translocation                1
   c - Tukima's Dance                 Hexes                        3
   d - Alistair's Intoxication        Transmutation/Poison         5
   e - Invisibility                   Hexes                        6
 u - Vehumet's Collected Works on Attacks
   (You found it on level 5 of the Dungeon)

   Spells                             Type                      Level
   a - Magic Dart                     Conjuration                  1
 v - a book of Cantrips

   Spells                             Type                      Level
   a - Corona                         Hexes                        1
   b - Animate Skeleton               Necromancy                   1
   c - Summon Small Mammal            Summoning                    1
   d - Apportation                    Translocation                1


   Skills:
 - Level 7.0 Fighting
 - Level 11.7 Dodging
 - Level 11.5 Stealth
 - Level 4.3 Unarmed Combat
 + Level 12.9 Invocations


You had 11 spell levels left.
You didn't know any spells.

Dungeon Overview and Level Annotations

Branches:
Dungeon (11/15)            Temple (1/1) D:4            Lair (4/8) D:8
  Swamp: Lair:3-6    Shoals: Lair:3-6     Snake: Lair:3-6    Spider: Lair:3-6
    Orc: D:9-12

Altars:
Ashenzari
Cheibriados
Dithmenos
Elyvilon
Fedhas
Gozag
Kikubaaqudgha
Makhleb
Nemelex Xobeh
Okawaru
Pakellas
Qazlal
Ru
Sif Muna
Trog
Vehumet
Xom
Yredelemnul
Zin
The Shining One

Shops:
D:4 **

Annotations:
D:4 Elystan's ghost, novice NaEn
D:9 Erolcha; Psyche
Lair:1 Urug


Innate Abilities, Weirdness & Mutations

You have razor-sharp teeth.
You have supernaturally acute eyesight.
((You can survive without breathing.))


Message History

You hit the komodo dragon but do no damage.
The komodo dragon is almost dead.
You hit the komodo dragon.
The komodo dragon is almost dead.
The komodo dragon bites you!!
Press: ? - help, Shift-Dir - straight line, f - komodo dragon
Aim: a komodo dragon (almost dead, covered in acid)
The zap hits the komodo dragon.
The komodo dragon is almost dead.
You feel slightly more thirsty.
Press: ? - help, Shift-Dir - straight line, f/p - komodo dragon
Aim: a komodo dragon (almost dead, covered in acid)
The komodo dragon convulses in agony!
You feel slightly more thirsty.
Press: ? - help, Shift-Dir - straight line, f/p - komodo dragon
Aim: a komodo dragon (almost dead, covered in acid)
The komodo dragon convulses in agony!
You kill the komodo dragon!
Makhleb accepts your kill.
You feel better.
You feel slightly more thirsty.
Are you sure you want to abandon this character and quit the game? (Confirm with "yes".)

##...## ### #.##.... ####..###.#
##...P## ### ##P.#..#..##
###.###. ##.## #P........####.#.#
## #...### ##.........##P...####
......#######...........#.......#
......1#.......(.....#...+......+
............#.........#..#.......
......####.###..b.÷..####.......#
.....>P# #####....÷..# #P...)...
......## #........# ##P......
##.#### ##.......# ###.###. #..##
#.#.##### #.#### #...# ###.##
#####...# ##.##
####....######P#.#.+### #.#
###.###.....#............ ##+###
#P.............'.........


There were no monsters in sight!

Vanquished Creatures
  2 hydras
  Pikel (D:6)
  A griffon (Lair:3)
  A black mamba (Lair:1)
  4 spiny frogs
  2 komodo dragons
  4 blink frogs (Lair:1)
  A wyvern (Lair:3)
  19 yaks
  A basilisk (Lair:2)
  A human (D:7)
  6 hippogriffs
  4 soldier ants (Lair:3)
  6 water moccasins
  8 porcupines
  2 hell hounds (D:8)
  4 ice beasts
  An orc warrior (D:6)
  A slave (D:6)
  A wasp (Lair:2)
  2 phantoms (D:6)
  A black bear (D:6)
  A necrophage (D:6)
  A sky beast (D:6)
  7 ogres
  A centaur (D:7)
  2 crocodiles (Lair:1)
  3 big kobolds (D:7)
  6 giant frogs
  A wyvern skeleton (D:6)
  3 scorpions
  3 killer bees (D:9)
  The ghost of Joat the Sneak, a weakling OpWz (D:3)
  5 howler monkeys
  3 crimson imps
  4 hounds
  3 centaur skeletons
  An orc priest (D:3)
  A jelly (D:5)
  7 iguanas
  An orc wizard (D:3)
  A human skeleton (D:7)
  20 worker ants
  A hound zombie (D:6)
  2 worker ant zombies
  A howler monkey skeleton (D:7)
  13 adders
  10 gnolls
  22 river rats
  An adder zombie (D:7)
  An adder skeleton (D:7)
  2 worms
  A dart slug (D:1)
  7 giant geckos
  9 orcs
  2 ball pythons (D:2)
  4 giant cockroaches
  4 goblins
  8 hobgoblins
  5 jackals (D:1)
  4 quokkas
  6 bats
  A giant gecko skeleton (D:5)
  2 giant newts
  A goblin zombie (D:7)
  A jackal zombie (D:5)
  18 kobolds
  A kobold zombie (D:7)
  9 rats
284 creatures vanquished.

Vanquished Creatures (collateral kills)
  Fannar (Lair:2)
  The ghost of ThereIsNoGod the Severer, a journeyman MiGl of Makhleb (Lair:3)
  A hydra (Lair:3)
  A queen ant (Lair:3)
  4 elephants (Lair:3)
  A polar bear (Lair:3)
  6 soldier ants (Lair:3)
  An iguana (Lair:3)
  3 worker ants (Lair:3)
  4 river rats (Lair:3)
  2 fungi (Lair:3)
25 creatures vanquished.

Vanquished Creatures (others)
  A worker ant (D:6)
  A ball python (D:6)
  7 fungi
  2 plants
11 creatures vanquished.

Grand Total: 320 creatures vanquished

Notes
Turn   | Place    | Note
--------------------------------------------------------------
     0 | D:1      | FloraKitsune the Vampire Monk began the quest for the Orb.
     0 | D:1      | Reached XP level 1. HP: 17/17 MP: 1/1
   385 | D:1      | Reached XP level 2. HP: 18/23 MP: 2/2
   929 | D:2      | Reached XP level 3. HP: 23/29 MP: 3/3
  1149 | D:2      | Found a sparkling altar of Nemelex Xobeh.
  1158 | D:2      | Found a white marble altar of Elyvilon.
  1263 | D:2      | Reached XP level 4. HP: 33/35 MP: 4/4
  1426 | D:3      | Noticed Joat's ghost (weakling OpWz)
  1755 | D:3      | Found an opulent altar of Gozag.
  2126 | D:3      | Reached skill level 5 in Dodging
  2126 | D:3      | Reached XP level 5. HP: 41/41 MP: 5/5
  2412 | D:4      | Found Cycum's Assorted Antiques.
  2415 | D:4      | Bought a glowing robe for 13 gold pieces
  2415 | D:4      | Bought a scroll labeled NILEPP NOATWESHRI for 19 gold pieces
  2415 | D:4      | Bought an emerald potion for 17 gold pieces
  2415 | D:4      | Bought a fizzy puce potion for 17 gold pieces
  2430 | D:4      | Found a staircase to the Ecumenical Temple.
  2440 | D:4      | Noticed Elystan's ghost (novice NaEn)
  2552 | Temple   | Entered the Ecumenical Temple
  2990 | D:4      | Reached skill level 5 in Stealth
  3018 | D:4      | Reached XP level 6. HP: 48/48 MP: 6/6
  3073 | D:4      | Found Lusiunla's Elemental Accessories.
  3158 | D:5      | Entered Level 5 of the Dungeon
  3347 | D:5      | Found a radiant altar of Vehumet.
  3347 | D:5      | Found an ancient bone altar of Kikubaaqudgha.
  3348 | D:5      | Found a deep blue altar of Sif Muna.
  3354 | D:5      | Identified Vehumet's Collected Works on Attacks
  3433 | D:5      | Reached XP level 7. HP: 35/54 MP: 7/7
  3894 | D:3      | Killed Joat's ghost
  3985 | D:4      | Bought a brass ring for 95 gold pieces
  4088 | D:6      | Reached XP level 8. HP: 61/61 MP: 8/8
  4137 | D:6      | Reached skill level 5 in Fighting
  4199 | D:6      | Noticed Pikel
  4267 | D:6      | Killed Pikel
  4719 | D:6      | Reached XP level 9. HP: 68/68 MP: 9/9
  5013 | D:6      | Reached skill level 10 in Dodging
  5013 | D:6      | Reached skill level 10 in Stealth
  5323 | D:7      | Found a runed door.
  5328 | D:7      | Found a basalt altar of Yredelemnul.
  5604 | D:7      | Found a shadowy altar of Dithmenos.
  5604 | D:7      | Found a blossoming altar of Fedhas.
  5790 | D:7      | Found a stormy altar of Qazlal.
  5792 | D:7      | Found a shattered altar of Ashenzari.
  6170 | D:8      | Found a staircase to the Lair.
  6540 | D:8      | You fall through a shaft for 3 floors!
  6672 | D:10     | Entered Level 10 of the Dungeon
  6702 | D:10     | Noticed an unseen horror
  6880 | D:10     | Noticed a gargoyle
  6895 | D:9      | Noticed Erolcha
  6901 | D:9      | Found an oddly glowing altar of Pakellas.
  6902 | D:9      | Found a bloodstained altar of Trog.
  6902 | D:9      | Found an opulent altar of Gozag.
  6929 | D:9      | Reached XP level 10. HP: 70/76 MP: 10/10
  6944 | D:9      | Found an iron altar of Okawaru.
  6987 | D:9      | Noticed Psyche
  7066 | D:9      | Noticed a brown ugly thing
  7138 | D:8      | Found a burning altar of Makhleb.
  7157 | D:8      | Became a worshipper of Makhleb the Destroyer
  7157 | D:8      | Reached * piety under Makhleb
  7157 | D:8      | Reached ** piety under Makhleb
  7275 | D:8      | Reached skill level 1 in Invocations
  7457 | D:8      | Reached skill level 2 in Invocations
  7809 | D:9      | Noticed a moth of wrath
  7893 | Lair:1   | Entered Level 1 of the Lair of Beasts
  7968 | Lair:1   | Reached skill level 3 in Invocations
  7995 | Lair:1   | Reached skill level 4 in Invocations
  8041 | Lair:1   | Reached skill level 5 in Invocations
  8272 | Lair:1   | Noticed a black mamba
  8459 | Lair:1   | Killed a black mamba
  8459 | Lair:1   | Reached skill level 6 in Invocations
  9019 | Lair:1   | Reached *** piety under Makhleb
  9019 | Lair:1   | Reached skill level 7 in Invocations
  9209 | Lair:1   | Noticed a spiny frog
  9245 | Lair:1   | Killed a spiny frog
  9298 | Lair:1   | Noticed a six-headed hydra
  9442 | Lair:1   | Reached skill level 8 in Invocations
  9442 | Lair:1   | Reached XP level 11. HP: 77/83 MP: 15/17
  9662 | Lair:1   | Noticed Urug
 10029 | Lair:1   | Killed a six-headed hydra
 10204 | Lair:2   | Reached skill level 9 in Invocations
 10383 | Lair:2   | Reached **** piety under Makhleb
 10531 | Lair:2   | Noticed Fannar
 10576 | Lair:2   | Killed Fannar
 11274 | Lair:2   | Reached skill level 10 in Invocations
 12011 | Lair:3   | Noticed a six-headed hydra
 12035 | Lair:3   | Killed a six-headed hydra
 12035 | Lair:3   | Reached skill level 11 in Invocations
 12340 | Lair:3   | Noticed a griffon
 12432 | Lair:3   | Killed a griffon
 12535 | Lair:3   | Reached ***** piety under Makhleb
 12590 | Lair:3   | Reached skill level 12 in Invocations
 12590 | Lair:3   | Reached XP level 12. HP: 90/90 MP: 19/21
 12616 | Lair:3   | Noticed a queen ant
 12685 | Lair:3   | Killed a queen ant
 12735 | Lair:3   | Noticed ThereIsNoGod's ghost (journeyman MiGl)
 12749 | Lair:3   | Killed ThereIsNoGod's ghost
 13008 | Lair:3   | Noticed a seven-headed hydra
 13013 | Lair:3   | Noticed a cacodemon
 13021 | Lair:3   | Killed a seven-headed hydra
 13408 | Lair:3   | Quit the game

Skill      XL: |  1  2  3  4  5  6  7  8  9 10 11 |
---------------+----------------------------------+-----
Dodging        | 4 5 6 8 9 11 | 11.7
Fighting       | 3 4 5 6 7 |  7.0
Stealth        | 4 5 6 7 9 11 | 11.5
Invocations    | 8 12 | 12.9
Unarmed Combat | |  4.3

Action                   |  1- 3 |  4- 6 |  7- 9 | 10-12 || total
-------------------------+-------+-------+-------+-------++-------
Melee: Unarmed           |    64 |       |       |    10 ||    74
       Bite              |     9 |     4 |    57 |    20 ||    90
       Punch             |     3 |     1 |     3 |     1 ||     8
       Short sword       |    29 |    77 |   332 |    93 ||   531
Invok: Minor Destruction |       |       |       |   581 ||   581
       Lesser Servant of |       |       |       |     3 ||     3
       Major Destruction |       |       |       |     2 ||     2
       Greater Servant o |       |       |       |     4 ||     4
 Abil: Bat Form          |       |       |     1 |     3 ||     4
       End Transformatio |       |       |     1 |     2 ||     3
  Use: Potion            |     6 |       |     4 |     3 ||    13
       Scroll            |       |     8 |    11 |     1 ||    20
 Stab: Sleeping          |    18 |    11 |    16 |     8 ||    53
       Distracted        |     1 |       |     3 |       ||     4
  Eat: Corpse            |     8 |     4 |     2 |    13 ||    27
Armor: Robe              |    14 |    11 |    44 |     7 ||    76
Dodge: Dodged            |    63 |    65 |   320 |   221 ||   669
